 Dungeon Crawl Stone Soup version bcrawl-1.39.1 (webtiles) character file.

Game seed: 17768867486313434775

471699 vcxz the Bludgeoner (level 14, -3/146 HPs)
             Began as a Naga Archaeologist on July 23, 2023.
             Was the Champion of Okawaru.
             Slain by an orc knight
             ... wielding a +0 great mace
              (27 damage)
             ... in the Orcish Mines.
             The game lasted 00:35:02 (19680 turns).

vcxz the Bludgeoner (Naga Archaeologist)           Turns: 19680, Time: 00:35:02

Health: -3/146     AC: 19    Str: 18    XL:     14   Next: 93%
Magic:  29/29      EV: 17    Int: 24    God:    Okawaru [******]
Gold:   1300       SH:  0    Dex:  9    Spells: 13/13 levels left

rFire    . . .     GDR:     30% f - +6 great mace (speed)
rCold    + + +     SeeInvis +   (shield currently unavailable)
rNeg     . . .     Gourm    .   K - +3 leather armour
rPois    +         Faith    .   S - +0 hat {SInv}
rElec    +         Spirit   .   k - +0 cloak
rCorr    .         Reflect  .   H - +0 pair of gloves of Kaatsed {rPois Str+2 Int+3} (curse)
MR       +....                  c - +0 barding {rC+}
Stlth    +.........             (no amulet)
HPRegen  0.34/turn              b - ring "Zuwniok" {rC+++ MP+9 EV+5 Str-2}
MPRegen  0.21/turn              r - +5 ring of strength

@: confused, heroism, finesse, hasted (expiring), quick
A: large, tail, swims, see invisible, cold resistance 1, deformed body, poison
resistance, robust 1, electricity resistance, slowness 2, slow metabolism 1,
spit poison 1, constrict 1, AC +4
a: Spit Poison, Heroism, Finesse, Renounce Religion


You were in the Orcish Mines.
You worshipped Okawaru.
Okawaru was exalted by your worship.
You were hungry.

You visited 4 branches of the dungeon, and saw 18 of its levels.
You also visited: Ossuary and Ice Cave.

You collected 1666 gold pieces.
You spent 366 gold pieces at shops.

Inventory:

Hand Weapons
 f - a +6 great mace of speed (weapon)
 h - a +9 eveningstar of holy wrath
 N - a +3 demon whip of venom
 R - a +5 executioner's axe of draining
Missiles
 A - 4 throwing nets {=f}
Armour
 c - a +0 barding of cold resistance (worn)
 k - a +0 cloak (worn)
 H - the cursed +0 pair of gloves of Kaatsed (worn) {rPois Str+2 Int+3}
   (You bought it in a shop on level 9 of the Dungeon)

   It affects your strength (+2).
   It affects your intelligence (+3).
   It protects you from poison.
   It has a curse placed upon it.
 K - a +3 leather armour (worn)
 L - a +1 pair of gloves of dexterity
 P - a +0 buckler of cold resistance
 S - a +0 hat of see invisible (worn)
Jewellery
 b - the ring "Zuwniok" (left hand) {rC+++ MP+9 EV+5 Str-2}
   (You found it on level 7 of the Dungeon)

   [ring of evasion]

   It affects your evasion (+5).
   It affects your strength (-2).
   It renders you almost immune to cold.
   It affects your magic capacity (+9).
 j - a +1 ring of protection {unknown}
 m - a +5 ring of intelligence {unknown}
 r - a +5 ring of strength (right hand)
 t - a cursed ring of protection from cold {unknown}
 x - an uncursed ring of positive energy {unknown}
 y - the cursed ring of Darehofu {rF+ Str-2 Dex+3 Stlth--}
   (You found it on level 4 of the Dungeon)

   [ring of attention]

   It affects your strength (-2).
   It affects your dexterity (+3).
   It protects you from fire.
   It makes you much less stealthy.
   It has a curse placed upon it.
 Q - a cursed -2 ring of intelligence {unknown}
Wands
 d - a wand of random effects (12)
 l - a wand of digging (1)
 E - a wand of iceblast (11)
 I - a wand of charming (17)
 J - a wand of disintegration (3)
 O - a wand of acid (6)
Scrolls
 a - 4 scrolls of enchant armour
 g - 4 scrolls of revelation
 p - 4 scrolls of fog
 q - 4 scrolls of amnesia
 s - 7 scrolls of remove curse
 B - 3 scrolls of immolation
 D - 3 scrolls of blinking
 F - 2 scrolls of noise
Potions
 n - 3 potions of lignification
 o - 3 potions of mutation
 u - 3 potions of haste
 w - 3 potions of magic
 z - 8 potions of curing
 G - 4 potions of brilliance
Miscellaneous
 U - a lamp of fire
Comestibles
 e - 35 rations {!d}
 i - 2 chunks of flesh


   Skills:
 + Level 10.4(15.4) Fighting
 * Level 18.7(23.7) Maces & Flails
 + Level 4.5(9.5) Armour
 + Level 8.2(13.2) Dodging
 - Level 4.8(9.8) Stealth
 * Level 8.3 Invocations


You had 13 spell levels left.
You didn't know any spells.
Your spell library contained the following spells:

 Spells                   Type           Power        Failure   Level  Hunger
 Necrotize                Necr           #.....       17%         1    None
 Static Discharge         Air            #.....       17%         1    None
 Vampiric Draining        Necr           #.........   45%         3    #####..
 Agony                    Necr           #.......     86%         4    ######.
 Animate Dead             Necr           N/A          86%         4    ######.
 Lightning Bolt           Conj/Air       #.......     86%         4    ######.
 Dispel Undead            Necr           #.......     99%         5    #######
 Freezing Cloud           Ice/Air        #.......     99%         5    #######
 Metabolic Englaciation   Hex/Ice        #.........   99%         5    #######
 Summon Lightning Spire   Summ/Air       #.......     99%         5    #######
 Bolt of Cold             Conj/Ice       #.........   100%        6    #######
 Conjure Ball Lightning   Conj/Air       #.........   100%        6    #######
 Ozocubu's Refrigeration  Ice            #.........   100%        6    #######
 Simulacrum               Ice/Necr       #.......     100%        6    #######
 Chain Lightning          Conj/Air       #.........   100%        8    #######


Dungeon Overview and Level Annotations

Branches:
Dungeon (10/12)            Temple (1/1) D:7            Lair (6/6) D:8
 Shoals (0/3) Lair:2        Snake (0/3) Lair:3          Orc (1/1) D:10
    Elf (0/3) Lair:6
  Slime: Orc:1

Altars:
Ashenzari
Cheibriados
Dithmenos
Elyvilon
Fedhas
Gozag
Hepliaklqana
Kikubaaqudgha
Lugonu
Makhleb
Nemelex Xobeh
Okawaru
Qazlal
Ru
Sif Muna
Trog
Uskayaw
Vehumet
Wu Jian
Xom
Yredelemnul
Zin
The Shining One

Shops:
D:4 }   D:9 [%   Orc *

Annotations:
Lair:5 exclusion: 2 oklob plants


Innate Abilities, Weirdness & Mutations

You cannot wear boots.
You can swim through water.
Your serpentine skin is tough. (AC +4)
You have supernaturally acute eyesight. (SInv)
Armour fits poorly on your strangely shaped body.
Your system is resistant to poisons. (rPois)
You cover ground very slowly.
You have a slow metabolism.
You can spit poison.
You can use your snake-like lower body to constrict enemies.
Your flesh is cold resistant. (rC+)
You are robust. (+10% HP)
You are resistant to electric shocks. (rElec)


Message History

You kill the orc!
The orc priest calls down the wrath of Beogh upon you.
You easily resist.
No path to travel!
The orc knight hits you with a +0 great mace!!
* * * LOW HITPOINT WARNING * * *
No path to travel!
The orc knight hits you with a +0 great mace!
* * * LOW HITPOINT WARNING * * *
An orc comes into view. It is wielding a +0 club.
No path to travel!
No path to travel!
An orc warrior comes into view. It is wielding a +0 dire flail.
Your extra speed is starting to run out.
The orc priest misses you.
No path to travel!
No path to travel!
You bump into the rock wall.
The orc knight hits you with a +0 great mace!!
You die... oo...

#o..#.#....... ####
##o..###.......
#.†.##..o......
#)o.##..............#
#.)###.....##.#.....#
#.o##))....# #......
#$))......#.#........
##).oo....####......#
#...@.....##...... #
##.##.##.......# #
#######....÷..## ##
###...))...####.
#.#....)....#...
##.....)))..####.
###.......)........
#........#)........
#.......##.........


You could see an orc knight, an orc warrior, an orc priest and an orc.

Vanquished Creatures
  Rupert (Orc)
  Snorg (Lair:6)
  Urug (Lair:6)
  Fannar (Lair:1)
  Harold (Orc)
  6 hydras
  A catoblepas (Lair:6)
  The ghost of Cris the Destroyer, a journeyman DsCj of Vehumet (Lair:3)
  17 death yaks
  A deep troll shaman (Lair:6)
  A centaur warrior (D:9)
  A goliath frog (Lair:6)
  The ghost of Wired the Carver, a novice MiBe of Trog (D:7)
  A gelid demonspawn (IceCv)
  A cyclops (D:9)
  A lindwurm (Lair:6)
  An orc knight (Orc)
  5 black mambas
  8 elephants
  2 ice statues (IceCv)
  6 cane toads
  6 komodo dragons
  2 rime drakes (Lair:3)
  An eye of draining (D:7)
  7 ice devils (IceCv)
  2 merfolk (Lair:2)
  3 polar bears
  A queen bee (D:7)
  21 blink frogs
  A slime creature (D:9)
  Grinder (D:6)
  8 hippogriffs
  A meliai zombie (D:9)
  7 dream sheep (Lair:5)
  Sigmund (D:6)
  A shadow (D:10)
  3 wyverns (Lair:4)
  16 yaks
  2 hungry ghosts (D:9)
  3 basilisks
  A vampire mosquito (D:9)
  2 wargs (Orc)
  3 nagas (Lair:3)
  8 water moccasins
  15 crocodiles
  8 porcupines
  A black bear (D:7)
  9 orc warriors
  A swamp drake (D:10)
  4 sky beasts
  3 ice beasts
  6 ogres
  12 wolves
  7 bullfrogs
  3 water moccasin zombies
  6 centaurs
  25 killer bees
  5 wights (D:9)
  An electric eel (Lair:2)
  3 howler monkeys
  11 orc priests
  2 crimson imps
  2 bullfrog zombies
  2 hounds
  A jelly (D:8)
  2 bullfrog skeletons
  14 orc wizards
  3 iguanas
  5 worker ants
  7 kobold zombies (Ossuary)
  2 mummies (Ossuary)
  A howler monkey zombie (D:5)
  A worker ant zombie (D:5)
  2 howler monkey skeletons
  16 adders
  A shadow imp (D:8)
  6 white imps (IceCv)
  6 ufetubi (IceCv)
  An ooze (D:1)
  2 adder skeletons
  4 adder zombies
  4 worms (D:3)
  A dart slug (D:2)
  2 leopard geckos
  50 orcs
  2 ball pythons
  4 goblins
  8 hobgoblins
  15 jackals
  3 quokkas
  2 bats
  7 frilled lizards
  2 gnoll zombies (Ossuary)
  2 jackal skeletons
  9 kobolds
  7 orc zombies (Ossuary)
  A quokka zombie (D:6)
  4 rats
483 creatures vanquished.

Vanquished Creatures (collateral kills)
  A dream sheep (Lair:5)
1 creature vanquished.

Vanquished Creatures (others)
  3 white imps (IceCv)
  7 ufetubi (IceCv)
  An orc (Orc)
  13 fungi
  8 plants
32 creatures vanquished.

Grand Total: 516 creatures vanquished

Notes
Turn   | Place    | Note
-------+----------+-------------------------------------------
     0 | D:1      | vcxz the Naga Archaeologist began the quest for the Orb.
     0 | D:1      | Reached XP level 1. HP: 18/18 MP: 1/1
   281 | D:1      | Reached XP level 2. HP: 22/25 MP: 2/2
  1104 | D:2      | Reached XP level 3. HP: 28/31 MP: 3/3
  1279 | D:2      | Found a bloodstained altar of Trog.
  1310 | D:2      | Reached skill level 2 in Maces & Flails
  2048 | D:3      | Reached XP level 4. HP: 33/38 MP: 4/4
  2266 | D:3      | Reached skill level 5 in Fighting
  2266 | D:3      | Reached skill level 7 in Maces & Flails
  2266 | D:3      | Reached skill level 5 in Dodging
  2266 | D:3      | Reached XP level 5. HP: 16/52 MP: 5/5
  2266 | D:3      | Identified a scroll of acquirement
  2340 | D:3      | Identified the amulet "Pupseaqua" {Faith *Drain rPois rN+
                  | Dex+2} (You acquired it on level 3 of the Dungeon)
  2483 | D:3      | Reached XP level 6. HP: 56/61 MP: 6/6
  2501 | D:3      | Found a glowing silver altar of Zin.
  3351 | D:3      | Found an opulent altar of Gozag.
  3458 | D:4      | Reached skill level 8 in Maces & Flails
  3482 | D:4      | Found a sand-covered staircase.
  3489 | Ossuary  | Entered an ossuary
  3545 | Ossuary  | Reached XP level 7. HP: 67/67 MP: 7/7
  3664 | D:4      | Got a crude golden ring
  3691 | D:4      | Identified the cursed ring of Darehofu {rF+ Str-2 Dex+3
                  | Stlth--} (You found it on level 4 of the Dungeon)
  3935 | D:4      | Found an ornate altar of the Wu Jian Council.
  4000 | D:4      | Found Caxuashryi's Gadget Boutique.
  4359 | D:5      | Entered Level 5 of the Dungeon
  4393 | D:5      | Reached skill level 9 in Maces & Flails
  4408 | D:5      | Reached XP level 8. HP: 21/75 MP: 8/8
  5328 | D:6      | Noticed Grinder
  5337 | D:6      | Killed Grinder
  5393 | D:6      | Reached skill level 10 in Maces & Flails
  5453 | D:6      | Reached XP level 9. HP: 67/82 MP: 9/9
  5856 | D:6      | Noticed Sigmund
  5862 | D:6      | Killed Sigmund
  6377 | D:7      | Found a staircase to the Ecumenical Temple.
  6406 | D:7      | Got a warped jade ring
  6422 | Temple   | Entered the Ecumenical Temple
  6722 | Temple   | Became a worshipper of Warmaster Okawaru
  6838 | D:7      | Found a transporter.
  6857 | D:7      | Found a transporter.
  6858 | D:7      | Noticed Wired's ghost (novice MiBe)
  7099 | D:7      | Noticed an eye of draining
  7102 | D:7      | Killed an eye of draining
  7102 | D:7      | Reached * piety under Okawaru
  7103 | D:7      | Reached skill level 11 in Maces & Flails
  7516 | D:8      | Noticed a death yak
  7613 | D:8      | Noticed a queen bee
  7614 | D:8      | Reached XP level 10. HP: 83/91 MP: 10/10
  7635 | D:7      | Reached ** piety under Okawaru
  7863 | D:7      | Gained mutation: You are robust. (+10% HP) [potion of
                  | mutation]
  7863 | D:7      | Gained mutation: Your flesh is cold resistant. (rC+)
                  | [potion of mutation]
  7863 | D:7      | Gained mutation: You are resistant to electric shocks.
                  | (rElec) [potion of mutation]
  7874 | D:7      | Killed Wired's ghost
  8128 | D:7      | Reached skill level 12 in Maces & Flails
  8738 | D:8      | Found a blossoming altar of Fedhas.
  8756 | D:8      | Found a sparkling altar of Nemelex Xobeh.
  8784 | D:8      | Noticed a death yak
  8786 | D:8      | Identified the ring "Zuwniok" {rC+++ MP+9 EV+5 Str-2} (You
                  | found it on level 7 of the Dungeon)
  8790 | D:8      | Noticed a death yak
  8790 | D:8      | Noticed a death yak
  8801 | D:8      | Killed a death yak
  8801 | D:8      | Reached *** piety under Okawaru
  8802 | D:8      | Reached skill level 1 in Invocations
  8808 | D:8      | Noticed a death yak
  8809 | D:8      | Killed a death yak
  9059 | D:8      | Noticed a death yak
  9060 | D:8      | Noticed a death yak
  9115 | D:9      | Reached XP level 11. HP: 90/110 MP: 12/12
  9216 | D:9      | Noticed a centaur warrior
  9225 | D:9      | Killed a centaur warrior
  9225 | D:9      | Reached **** piety under Okawaru
  9272 | D:9      | Noticed a cyclops
  9276 | D:9      | Found Bozirocw's Food Shoppe.
  9316 | D:9      | Killed a cyclops
  9317 | D:9      | Reached skill level 13 in Maces & Flails
  9992 | D:9      | Found a glowing golden altar of the Shining One.
  9992 | D:9      | Found a shimmering altar of Xom.
 10065 | D:9      | Found Caumn's Antique Armour Boutique.
 10068 | D:9      | Bought a pair of steaming gloves for 180 gold pieces
 10068 | D:9      | Identified the cursed +0 pair of gloves of Kaatsed {rPois
                  | Str+2 Int+3} (You bought it in a shop on level 9 of the
                  | Dungeon)
 10371 | D:10     | Entered Level 10 of the Dungeon
 10371 | D:10     | Found a staircase to the Orcish Mines.
 10391 | D:10     | Reached ***** piety under Okawaru
 10899 | D:8      | Killed a death yak
 10905 | D:8      | Killed a death yak
 10906 | D:8      | Found a staircase to the Lair.
 10917 | D:9      | HP: 4/110 [death yak (14)]
 10918 | D:9      | HP: 1/110 [death yak (26)]
 11139 | D:9      | Killed a death yak
 11140 | D:9      | Reached skill level 14 in Maces & Flails
 11493 | D:9      | Killed a death yak
 11569 | D:8      | Killed a death yak
 11570 | D:8      | Reached XP level 12. HP: 108/121 MP: 14/14
 11573 | Lair:1   | Entered Level 1 of the Lair of Beasts
 11723 | Lair:1   | Noticed a six-headed hydra
 11735 | Lair:1   | Killed a six-headed hydra
 11941 | Lair:1   | Reached ****** piety under Okawaru
 11947 | Lair:1   | Received a gift from Okawaru
 12039 | Lair:1   | Noticed a seven-headed hydra
 12222 | Lair:1   | Identified the ring of the Vendetta {Ice rElec Str-5 Dex+4}
 12222 | Lair:1   | Noticed Fannar
 12241 | Lair:1   | Killed Fannar
 12489 | Lair:2   | Noticed an eight-headed hydra
 12498 | Lair:2   | Killed an eight-headed hydra
 12528 | Lair:2   | Reached skill level 15 in Maces & Flails
 12822 | Lair:2   | Reached skill level 5 in Invocations
 13074 | Lair:2   | Killed a seven-headed hydra
 13159 | Lair:2   | Found a staircase to the Shoals.
 13451 | Lair:3   | Noticed a four-headed hydra
 13482 | Lair:2   | Received a gift from Okawaru
 13565 | Lair:3   | Killed a four-headed hydra
 13596 | Lair:3   | Found a frozen archway.
 13609 | IceCv    | Entered an ice cave
 13728 | IceCv    | Gained mutation: You can use your snake-like lower body to
                  | constrict enemies. [Naga growth]
 13728 | IceCv    | Reached XP level 13. HP: 123/129 MP: 17/17
 13875 | IceCv    | Reached skill level 16 in Maces & Flails
 13979 | IceCv    | Got an iridescent shortbow
 14424 | Lair:3   | Found a staircase to the Snake Pit.
 14992 | Lair:3   | Found a runed translucent door.
 14993 | Lair:3   | Noticed Cris's ghost (journeyman DsCj)
 15397 | Lair:3   | Killed Cris's ghost
 15749 | Lair:4   | Received a gift from Okawaru
 15984 | Lair:4   | Reached skill level 17 in Maces & Flails
 16838 | Lair:5   | Reached XP level 14. HP: 82/141 MP: 19/19
 17276 | Lair:5   | Received a gift from Okawaru
 17519 | Lair:6   | Entered Level 6 of the Lair of Beasts
 17677 | Lair:6   | Noticed Snorg
 17824 | Lair:6   | Found a staircase to the Elven Halls.
 17956 | Lair:6   | Killed Snorg
 18000 | Lair:6   | Reached skill level 18 in Maces & Flails
 18003 | Lair:6   | Noticed Urug
 18024 | Lair:6   | Killed Urug
 18176 | Lair:6   | Reached skill level 10 in Fighting
 18617 | Lair:6   | Received a gift from Okawaru
 19231 | Orc      | Entered the Orcish Mines
 19320 | Orc      | Found Jonuc's General Store.
 19367 | Orc      | Bought a potion of mutation for 96 gold pieces
 19367 | Orc      | Bought a scroll of enchant armour for 90 gold pieces
 19404 | Orc      | Noticed Harold
 19425 | Orc      | Killed Harold
 19625 | Orc      | Noticed Rupert
 19633 | Orc      | Killed Rupert
 19680 | Orc      | Slain by an orc knight

Skill      XL: |  1  2  3  4  5  6  7  8  9 10 11 12 13 14 |
---------------+-------------------------------------------+-----
Dodging        | 3 5 6 7 8 |  8.2
Maces & Flails | 2 7 8 9 10 11 12 14 15 17 18 | 18.7
Fighting       | 5 6 7 8 9 10 | 10.4
Armour         | 4 |  4.5
Invocations    | 1 3 5 6 8 |  8.3
Stealth        | |  4.8

Action                   |  1- 3 |  4- 6 |  7- 9 | 10-12 | 13-15 || total
-------------------------+-------+-------+-------+-------+-------++-------
Melee: Whip              |   180 |    39 |       |       |       ||   219
       Eveningstar       |       |    65 |   250 |   363 |       ||   678
       Great mace        |       |       |       |   112 |   495 ||   607
       Constrict         |       |       |       |       |    88 ||    88
Invok: Heroism           |       |       |       |       |     7 ||     7
       Finesse           |       |       |       |       |     3 ||     3
 Abil: Spit Poison       |    12 |     4 |     3 |     1 |     1 ||    21
  Use: Potion            |     3 |     2 |     1 |    10 |     7 ||    23
       Scroll            |       |     6 |     7 |    12 |     8 ||    33
 Stab: Sleeping          |     4 |     7 |     7 |     8 |     4 ||    30
       Confused          |       |       |       |     2 |       ||     2
       Distracted        |       |       |       |     2 |       ||     2
       Petrified         |       |       |       |       |     4 ||     4
  Eat: Chunk             |     8 |     7 |    14 |    17 |    24 ||    70
       Ration            |       |       |     1 |     3 |       ||     4
Armor: Robe              |    77 |    25 |    90 |   122 |       ||   314
       Skin              |       |       |       |    26 |       ||    26
       Leather armour    |       |       |       |    18 |   179 ||   197
Dodge: Dodged            |   125 |    55 |   140 |   395 |   352 ||  1067
